 Dungeon Crawl Stone Soup version 0.30-a0-760-g5a9884bb7c (webtiles) character file.

Game seed: 1596302493510694458

3313 holysushi the Martial Artist (level 9, -1/52 HPs)
             Began as a Vampire Monk on Feb 11, 2023.
             Was an Initiate of Ru.
             Killed from afar by a steam dragon (16 damage)
             ... with a ball of steam
             ... on level 8 of the Dungeon.
             The game lasted 00:13:42 (10206 turns).

holysushi the Martial Artist (Vampire Monk)        Turns: 10206, Time: 00:13:43

Health: -1/52      AC:  0    Str: 10    XL:     9   Next: 70%
Magic:  9/9        EV: 29    Int: 13    God:    Ru [......]
Gold:   462        SH:  0    Dex: 25    Spells: 8/8 levels left

rFire   . . .      SeeInvis +      - Unarmed
rCold   + + .      Faith    +    (shield currently unavailable)
rNeg    + + +      Spirit   .    (body armour currently unavailable)
rPois   ∞          Reflect  .    (helmet currently unavailable)
rElec   .          Harm     .    (cloak currently unavailable)
rCorr   .          Rampage  .    (gloves currently unavailable)
Will    .....                    (boots currently unavailable)
Stlth   ++++++                   h - amulet of faith
HPRegen 0.00/turn                (ring currently unavailable)
MPRegen 0.11/turn                (ring currently unavailable)

@: bat-form, flying, bloodless, inhibited regen, very quick
A: fast, flying, no casting, tiny, bloodless, fangs 3, see invisible, vampiric 2
a: Revivify, End Transformation, Renounce Religion


You were on level 8 of the Dungeon.
You worshipped Ru.
Ru was noncommittal.
You were a vampire bat.
You visited 2 branches of the dungeon, and saw 9 of its levels.
You also visited: Ossuary.

You collected 462 gold pieces.

Inventory:

Missiles
 k - 2 throwing nets (quivered)
Armour
 a - a +0 robe (melded)
Jewellery
 d - an amulet of regeneration
 g - an amulet of the acrobat
 h - an amulet of faith (around neck)
 u - a ring of resist corrosion
 x - a ring of ice
Wands
 v - a wand of roots (5)
 B - a wand of quicksilver (11)
Scrolls
 e - 5 scrolls of teleportation
 i - 3 scrolls of fog
 n - 2 scrolls of poison
 o - 2 scrolls of identify
 p - a scroll of silence {unknown}
 r - a scroll of magic mapping
 s - a scroll of vulnerability {unknown}
 t - 2 scrolls of blinking
 w - a scroll of acquirement {unknown}
 y - a scroll of immolation {unknown}
 z - a scroll of amnesia
Potions
 b - 2 potions of ambrosia
 c - 6 potions of might
 f - a potion of degeneration {unknown}
 j - a potion of haste {unknown}
 l - 2 potions of lignification
 m - a potion of resistance
 q - 4 potions of curing
 A - a potion of flight {unknown}


   Skills:
 - Level 4.0 Fighting
 + Level 8.6 Dodging
 - Level 7.0 Stealth
 - Level 12.0 Unarmed Combat


You had 8 spell levels left.
You didn't know any spells.
Your spell library contained the following spells:

 Spells                   Type           Power      Damage    Failure   Level
 Freeze                   Ice            0%         1d3       30%         1
 Sting                    Tmut/Pois      0%         1d3       30%         1
 Cigotuvi's Dreadful Rot  Necr/Pois/Air  0%         N/A       43%         2
 Ensorcelled Hibernation  Hex/Ice        0%         N/A       43%         2
 Passwall                 Tmut/Erth      0%         N/A       43%         2
 Poisonous Vapours        Pois/Air       0%         N/A       43%         2
 Frozen Ramparts          Ice            0%         1d1       67%         3
 Hailstorm                Conj/Ice       0%         3d3       67%         3
 Mephitic Cloud           Conj/Pois/Air  0%         N/A       67%         3
 Swiftness                Air            0%         N/A       67%         3
 Tukima's Dance           Hex            0%         N/A       67%         3
 Olgreb's Toxic Radiance  Pois           0%         N/A       97%         4
 Passage of Golubria      Tloc           0%         N/A       97%         4
 Yara's Violent Unravell  Hex/Tmut       0%         3d3       100%        5


Dungeon Overview and Level Annotations

Branches:
Dungeon (8/15) Zot: 26012  Temple (1/1) D:7 Zot: 5800 Ossuary (visited)
   Lair: D:8-11

Altars:
Cheibriados
Dithmenos
Fedhas
Gozag
Hepliaklqana
Kikubaaqudgha
Makhleb
Nemelex Xobeh
Qazlal
Ru
Sif Muna
Trog
Uskayaw
Vehumet
Xom
Yredelemnul

Shops:
D:3 (

Annotations:
D:2 Robin, Sigmund
D:4 1 runed translucent door, Crazy Yiuf
D:6 3 runed translucent doors, Beavis's ghost, novice NaFE


Innate Abilities, Weirdness & Mutations

You are a vampire bat.
You are tiny and dextrous.
You move quickly.
You are flying.
You are immune to poison.
Your equipment is almost entirely melded.
You are incapable of wielding weapons or throwing items.
You cannot cast spells.
You do not regenerate when monsters are visible.
You are frail without blood (-20% HP).
You can heal yourself when you bite living creatures.
You are immune to poison.
You have razor-sharp teeth.
You have supernaturally acute eyesight. (SInv)
You are afflicted with vampirism and can become a bat while bloodless.


Message History

You hit the steam dragon.
The steam dragon is heavily wounded.
The steam dragon breathes steam at you. The ball of steam misses you.
The steam dragon breathes steam at you. The ball of steam misses you.
There is a stone staircase leading up here.
You fly upwards.
There is a stone staircase leading down here.
You start resting.
HP restored.
You fly downwards.
There is a stone staircase leading up here.
The steam dragon breathes steam at you. The ball of steam hits you!!
The steam dragon misses you. The steam dragon claws you.
You barely miss the steam dragon.
The steam dragon is lightly wounded.
You hit the steam dragon.
The steam dragon is moderately wounded.
The steam dragon closely misses you. The steam dragon completely misses you.
You hit the steam dragon.
The steam dragon is heavily wounded.
The steam dragon breathes steam at you. The ball of steam misses you.
You hit the steam dragon but do no damage.
The steam dragon is heavily wounded.
The steam dragon misses you. The steam dragon barely misses you.
You bite the steam dragon!
The steam dragon is severely wounded.
The steam dragon bites you! The steam dragon completely misses you.
You hit the steam dragon.
The steam dragon is almost dead.
The steam dragon bites you!
* * * LOW HITPOINT WARNING * * *
The steam dragon closely misses you.
You feel better. The steam dragon breathes steam at you.
The ball of steam hits you!
You die...

******** ##............#
##.............##
#...............# #######
##..............# ......#
#..............## ......##
#...............# .......#
##..............#*
.......####...............#
....<...#.......b.....)...#
................D.........#
........####...§§........##
.......## ####.§......###
......## ########## #....##
######


You could see a steam dragon (catching breath).

Vanquished Creatures
  An unseen horror zombie (D:7)
  Duvessa (D:7)
  An orc warrior (D:7)
  A black bear (D:5)
  A sky beast (D:7)
  4 centaurs
  An ogre (D:7)
  A phantom (D:6)
  2 elf zombies (Ossuary)
  2 necrophages
  A wyvern zombie (D:7)
  8 wights
  Dowan (D:7)
  3 centaur zombies
  2 bullfrog zombies (D:7)
  3 human zombies
  6 hounds
  4 jellies
  3 orc priests
  2 gnoll boudas (D:6)
  3 iguanas
  6 orc wizards
  2 hound zombies (Ossuary)
  4 mummies
  2 howler monkey zombies (D:7)
  16 gnolls
  7 adders
  2 shadow imps
  4 white imps
  An ufetubus (D:6)
  3 adder zombies (Ossuary)
  3 worms
  15 orcs
  9 ball pythons
  4 bats
  8 endoplasms
  A giant cockroach (D:1)
  8 goblins
  9 hobgoblins
  6 quokkas
  A frilled lizard (D:1)
  A gnoll zombie (Ossuary)
  2 goblin zombies (Ossuary)
  4 hobgoblin zombies (Ossuary)
  4 jackal zombies (Ossuary)
  13 kobolds
  3 kobold zombies (Ossuary)
  3 orc zombies (Ossuary)
  2 quokka zombies (Ossuary)
  5 rats
  5 rat zombies (Ossuary)
204 creatures vanquished.

Vanquished Creatures (others)
  An orc (D:4)
  An endoplasm (D:2)
2 creatures vanquished.

Grand Total: 206 creatures vanquished

Notes
Turn   | Place    | Note
-------+----------+-------------------------------------------
     0 | D:1      | holysushi the Vampire Monk began the quest for the Orb.
     0 | D:1      | Reached XP level 1. HP: 17/17 MP: 1/1
   121 | D:1      | Reached XP level 2. HP: 20/23 MP: 2/2
   210 | D:1      | Reached skill level 4 in Unarmed Combat
   726 | D:2      | Gained mutation: You are afflicted with vampirism and can
                  | become a bat while bloodless. [Vampire growth]
   726 | D:2      | Reached XP level 3. HP: 12/28 MP: 3/3
   985 | D:2      | Found the +1 Delatra's gloves {ID++}
  1012 | D:2      | Reached skill level 5 in Unarmed Combat
  1382 | D:2      | Reached XP level 4. HP: 27/27 MP: 4/4
  1562 | D:2      | Noticed Robin
  1743 | D:2      | Noticed Sigmund
  1860 | D:3      | Reached skill level 6 in Unarmed Combat
  1964 | D:3      | Reached XP level 5. HP: 25/31 MP: 5/5
  2085 | D:3      | Found a faded altar of an unknown god.
  2254 | D:3      | Found Kofuufid's Weapon Boutique.
  2296 | D:3      | Found a shadowy altar of Dithmenos.
  2323 | D:3      | Found a radiant altar of Vehumet.
  2467 | D:3      | Found a stormy altar of Qazlal.
  2743 | D:4      | Found a runed translucent door.
  2744 | D:4      | Noticed Crazy Yiuf
  3002 | D:4      | Reached skill level 7 in Unarmed Combat
  3330 | D:4      | Found a hazy altar of Hepliaklqana.
  3857 | D:5      | Entered Level 5 of the Dungeon
  3882 | D:5      | Found an opulent altar of Gozag.
  3935 | D:5      | Noticed a black bear
  4091 | D:5      | Found an ancient bone altar of Kikubaaqudgha.
  4093 | D:5      | Found a shimmering blue altar of Sif Muna.
  4093 | D:5      | Found a blossoming altar of Fedhas.
  4139 | D:5      | Killed a black bear
  4140 | D:5      | Reached XP level 6. HP: 15/36 MP: 6/6
  4253 | D:5      | Reached skill level 8 in Unarmed Combat
  4543 | D:5      | Reached XP level 7. HP: 13/40 MP: 7/7
  4882 | D:5      | Reached skill level 9 in Unarmed Combat
  4978 | D:5      | Found a shimmering blue altar of Sif Muna.
  4978 | D:5      | Found an ancient bone altar of Kikubaaqudgha.
  4986 | D:5      | Found a blossoming altar of Fedhas.
  5165 | D:5      | Found an opulent altar of Gozag.
  5501 | D:6      | Noticed Beavis's ghost (novice NaFE)
  5647 | D:6      | Found a runed translucent gate.
  5648 | D:6      | Found a runed translucent gate.
  5650 | D:6      | Found a runed translucent gate.
  5794 | D:6      | Reached skill level 10 in Unarmed Combat
  6015 | D:6      | Reached XP level 8. HP: 34/45 MP: 8/8
  6051 | D:6      | HP: 1/45 [orc wizard/+0 dagger (3)]
  6260 | D:6      | Reached skill level 11 in Unarmed Combat
  7034 | D:6      | Reached skill level 12 in Unarmed Combat
  7137 | D:7      | Noticed Duvessa
  7138 | D:7      | Noticed Dowan
  7213 | D:7      | Killed Duvessa
  7293 | D:7      | Found a staircase to the Ecumenical Temple.
  7311 | Temple   | Entered the Ecumenical Temple
  7463 | Temple   | Became a worshipper of Ru the Awakened
  7615 | D:7      | Reached skill level 5 in Stealth
  7664 | D:7      | Reached XP level 9. HP: 33/52 MP: 9/9
  7842 | D:7      | Reached skill level 5 in Dodging
  7930 | D:7      | Found a basalt altar of Yredelemnul.
  8180 | D:7      | Killed Dowan
  8227 | D:8      | Found a sand-covered staircase.
  8241 | Ossuary  | Entered an ossuary
 10206 | D:8      | Killed from afar by a steam dragon

Illustrated notes

Levels and vault maps discovered:
D:1:      amcnicky_arrival_gap_in_the_tavern_cellar, layout_basic,
          nicolae_concentric_dashed_squares_mild
D:2:      layout_basic, hangedman_decor_riveting, uniq_robin, uniq_sigmund
D:3:      layout_rooms, vehumet_crystals, nicolae_dithmenos_shadow_blocks,
          nicolae_qazlal_eye_of_the_storm, serial_shops,
          nicolae_shop_bloodbath_and_beyond,
          hellmonk_ecumenical_altar_pennies_from_heaven
D:4:      wander_river, layout_loops_ring, kennysheep_mini_moat,
          uniq_crazy_yiuf_cottage
D:5:      layout_rooms, lemuel_tele_altar, nicolae_tso_swordbearing_angel,
          grunt_temple_overflow_open, chequers_serial_rivers_small_3
D:6:      layout_loops_ring, gammafunk_ghost_split, nicolae_elevator_lobby_plus
D:7:      layout_rooms, lemuel_mausoleum_altar_yredelemnul,
          minmay_temple_entry_overgrown, uniq_duvessa
D:8:      layout_cave_pods, enter_ossuary_3
Temple:   nicolae_temple_godpark

Skill      XL: |  1  2  3  4  5  6  7  8  9 |
---------------+----------------------------+-----
Unarmed Combat | 4 5 6 7 8 10 12 | 12.0
Stealth        | 6 7 |  7.0
Fighting       | 3 4 |  4.0
Dodging        | 4 8 |  8.6

Action                     |  1- 3 |  4- 6 |  7- 9 || total
---------------------------+-------+-------+-------++-------
  Melee: Unarmed           |   122 |   208 |   478 ||   808
         Bite              |    13 |    24 |    79 ||   116
 Invoke: Reject Sacrifices |       |       |     1 ||     1
Ability: Bat Form          |     1 |       |       ||     1
         Exsanguinate      |     1 |       |       ||     1
  Evoke: Wand              |       |       |     3 ||     3
    Use: Scroll            |       |    14 |     2 ||    16
         Potion            |       |       |     5 ||     5
   Stab: Sleeping          |    12 |    13 |    28 ||    53
         Distracted        |     1 |     3 |     3 ||     7
 Armour: Robe              |    19 |       |       ||    19
  Dodge: Dodged            |    86 |   161 |   390 ||   637

Table legend: (Time is in decaauts)
 A = Elapsed time spent in this place.
 B = Non-inter-level travel time spent in this place.
 C = Inter-level travel time spent in this place.
 D = Time resting spent in this place.
 E = Time spent auto-exploring this place.
 F = Levels seen in this place.
 G = Mean time per level.
                   A        B        C        D        E       F      G
               +--------+--------+--------+--------+--------+-----+--------+
         Total |   7914 |   7779 |    135 |   2425 |   3479 |  10 |  791.4 |
       Dungeon |   7120 |   6985 |    135 |   2092 |   3187 |   8 |  890.0 |
        Temple |    199 |    199 |      0 |    109 |     68 |   1 |  199.0 |
       Ossuary |    595 |    595 |      0 |    224 |    224 |   1 |  595.0 |
               +--------+--------+--------+--------+--------+-----+--------+

Top non-repeatable levels by time:
     D:7: 1294 daAuts
     D:5: 1205 daAuts
     D:6: 1047 daAuts
     D:4: 919 daAuts
     D:2: 881 daAuts
     D:1: 745 daAuts
 Ossuary: 595 daAuts
     D:8: 530 daAuts
     D:3: 496 daAuts
  Temple: 199 daAuts
